 Dungeon Crawl Stone Soup version 0.17-a0-1545-gc1bb672 (webtiles) character file.

6302 vatarom the Destroyer (level 10, -6/67 HPs)
             Began as a Mummy Conjurer on July 18, 2015.
             Was a Priest of Sif Muna.
             Shot with an arrow by a centaur (8 damage)
             ... on level 10 of the Dungeon.
             The game lasted 00:45:50 (15307 turns).

vatarom the Destroyer (Mummy Conjurer)             Turns: 15307, Time: 00:45:50

Health: -6/67      AC:  5    Str: 15    XL:     10   Next: 63%
Magic:  6/21       EV: 12    Int: 17    God:    Sif Muna [***...]
Gold:   413        SH:  0    Dex: 14    Spells: 7 memorised, 0 levels left

rFire  . . .     SeeInvis .     n - +1 spear (venom)
rCold  + + .     Clarity  .     i - +1 robe {rC+}
rNeg   + + +     SustAt   .     (no shield)
rPois  ∞         Gourm    .     e - +1 helmet
rElec  .         Spirit   .     (no cloak)
rCorr  .         Warding  .     (no gloves)
rMut   .         Stasis   .     (no boots)
MR     +....                    (no amulet)
Stlth  ++........               g - +4 ring of strength
                                f - ring of protection from fire

@: somewhat resistant to hostile enchantments, unstealthy
A: no food or potions, fire vulnerability, cold resistance 1, negative energy
resistance 3, torment resistance, unbreathing
a: Channel Energy, Forget Spell, Renounce Religion


You were on level 10 of the Dungeon.
You worshipped Sif Muna.
Sif Muna was most pleased with you.
You were not hungry.

You visited 2 branches of the dungeon, and saw 11 of its levels.

You collected 517 gold pieces.

Inventory:

Hand weapons
 n - a +1 spear of venom (weapon)
Missiles
 c - 22 tomahawks (quivered)
Armour
 e - a +1 helmet (worn)
 i - a +1 robe of cold resistance (worn)
Jewellery
 f - a ring of protection from fire (left hand)
 g - a +4 ring of strength (right hand)
 m - an uncursed ring of flight
 o - an uncursed ring of ice
 q - a +2 ring of strength
Magical devices
 h - a wand of draining (7)
 s - a wand of digging (17)
Scrolls
 d - 3 scrolls of identify
 j - 2 scrolls of recharging
 k - 3 scrolls of remove curse
 t - a scroll of magic mapping
Books
 b - a book of Conjurations

   Spells                             Type                      Level
   a - Magic Dart                     Conjuration                  1
   b - Searing Ray                    Conjuration                  2
   c - Dazzling Spray                 Conjuration/Hexes            3
   d - Fulminant Prism                Conjuration/Hexes            4
   e - Iskenderun's Mystic Blast      Conjuration                  4
   f - Iskenderun's Battlesphere      Conjuration/Charms           5
 p - a book of Hinderance

   Spells                             Type                      Level
   a - Confusing Touch                Hexes                        2
   b - Confuse                        Hexes                        3
   c - Gell's Gravitas                Hexes/Translocation          3
   d - Petrify                        Transmutation/Earth          4
   e - Metabolic Englaciation         Hexes/Ice                    5
 r - a book of Transfigurations

   Spells                             Type                      Level
   a - Stoneskin                      Transmutation/Earth          2
   b - Irradiate                      Conjuration/Transmutation    5
   c - Statue Form                    Transmutation/Earth          6
   d - Hydra Form                     Transmutation                6
   e - Dragon Form                    Transmutation                7
Miscellaneous
 a - a plain deck of changes {drawn: 7}


   Skills:
 - Level 2.0 Fighting
 - Level 2.2 Dodging
 - Level 1.5 Stealth
 - Level 7.5 Spellcasting
 * Level 9.2 Conjurations
 - Level 1.0 Hexes
 - Level 4.1 Charms
 * Level 2.0 Transmutations
 + Level 5.1 Invocations
 - Level 3.0 Evocations


You couldn't memorise any spells.
You knew the following spells:

 Your Spells              Type           Power        Failure   Level  Hunger
a - Magic Dart            Conj           ####         1%          1    N/A
b - Searing Ray           Conj           #####.       1%          2    N/A
c - Dazzling Spray        Conj/Hex       ###.....     4%          3    N/A
d - Iskenderun's Mystic   Conj           #####...     2%          4    N/A
e - Fulminant Prism       Conj/Hex       ###.......   14%         4    N/A
f - Iskenderun's Battles  Conj/Chrm      ####....     21%         5    N/A
g - Irradiate             Conj/Trmt      ####......   30%         5    N/A

Dungeon Overview and Level Annotations

Branches:
Dungeon (10/15)            Temple (1/1) D:6            Lair (0/8) D:8
    Orc: D:9-12

Altars:
Ashenzari
Cheibriados
Dithmenos
Elyvilon
Fedhas
Gozag
Kikubaaqudgha
Makhleb
Nemelex Xobeh
Okawaru
Qazlal
Ru
Sif Muna
Trog
Vehumet
Xom
Yredelemnul
Zin
The Shining One

Shops:
D:7 [   D:8 ![=(:


Innate Abilities, Weirdness & Mutations

You do not eat or drink.
Your flesh is vulnerable to fire.
You are immune to poison.
Your flesh is cold resistant.
You are immune to negative energy.
You are immune to unholy pain and torment.
You can survive without breathing.


Message History

Casting: Magic Dart
Confirm with . or Enter, or press ? or * to list all spells.
Aiming: Magic Dart
Press: ? - help, Shift-Dir - straight line, f - centaur
Aim: a centaur The magic dart hits the centaur.
The centaur is lightly wounded.
The centaur wields a shortbow.
The centaur shoots an arrow.
The arrow misses you.
You swap places.
The centaur shoots an arrow.
The arrow hits Gyaneaco!
The centaur shoots an arrow.
The arrow misses Gyaneaco.
The arrow hits you!
* * * LOW HITPOINT WARNING * * *
The centaur shoots an arrow.
The arrow hits Gyaneaco.
The centaur shoots an arrow.
The arrow hits Gyaneaco!
The centaur shoots an arrow.
The arrow closely misses Gyaneaco.
The arrow hits you!
* * * LOW HITPOINT WARNING * * *
The centaur shoots an arrow.
The arrow barely misses Gyaneaco.
The arrow hits you!
You die...

#.....#.#
#.....#.#
.#######(#
........†###
........(..#
.#####.(..#
#...#)(..#
#...#((..#
#.[.'..K@#
#...#.(###
#...#c.#
#...#..#
#.†.#...
#<..#....
#####..c..
..##### ..


You could see a centaur and the friendly Gyaneaco the big kobold.

Vanquished Creatures
  A gargoyle (D:9)
  A troll (D:9)
  4 wraiths (D:10)
  A hippogriff (D:9)
  2 orc warriors (D:8)
  2 phantoms
  A swamp drake (D:8)
  A wasp (D:7)
  3 ice beasts
  A black bear (D:6)
  3 centaurs
  2 sky beasts
  8 ogres
  A crocodile (D:8)
  A wyvern zombie (D:6)
  The ghost of gorandor the Sneak, an average SpAs (D:3)
  6 giant frogs
  A water moccasin zombie (D:7)
  4 scorpions
  7 wights
  5 killer bees (D:9)
  8 orc priests
  3 jellies
  2 crimson imps
  A giant frog zombie (D:5)
  2 centaur skeletons
  A giant frog skeleton (D:5)
  4 hounds
  6 worker ants
  15 orc wizards
  5 iguanas
  A killer bee zombie (D:10)
  A hound skeleton (D:4)
  13 adders
  2 shadow imps
  5 oozes
  An adder skeleton (D:5)
  2 adder zombies
  6 worms
  7 giant geckos
  46 orcs
  6 ball pythons (D:2)
  23 bats
  2 bat skeletons (D:6)
  A bat zombie (D:5)
  20 hobgoblins
  3 jackals (D:6)
  16 kobolds
  4 quokkas
  9 giant cockroaches
  3 giant newts
  11 goblins
  17 rats
302 creatures vanquished.

Vanquished Creatures (collateral kills)
  2 wights (D:6)
  An iguana (D:10)
3 creatures vanquished.

Vanquished Creatures (others)
  2 fire vortices (D:6)
  13 fulminant prisms
15 creatures vanquished.

Grand Total: 320 creatures vanquished

Notes
Turn   | Place    | Note
--------------------------------------------------------------
     0 | D:1      | vatarom the Mummy Conjurer began the quest for the Orb.
     0 | D:1      | Reached XP level 1. HP: 13/13 MP: 3/3
    99 | D:1      | Reached skill level 1 in Fighting
   322 | D:1      | Reached XP level 2. HP: 21/21 MP: 0/5
   571 | D:1      | Learned a level 2 spell: Searing Ray
   699 | D:1      | Reached XP level 3. HP: 2/27 MP: 2/6
   928 | D:1      | Learned a level 3 spell: Dazzling Spray
  1333 | D:2      | Found a snail-covered altar of Cheibriados.
  1740 | D:2      | Reached XP level 4. HP: 33/33 MP: 0/8
  1901 | D:2      | Reached skill level 1 in Hexes
  2186 | D:2      | Noticed a moth of wrath
  2189 | D:2      | Found a bloodstained altar of Trog.
  2277 | D:2      | Found a stormy altar of Qazlal.
  3143 | D:3      | Noticed a phantom
  3368 | D:2      | Reached XP level 5. HP: 21/38 MP: 5/9
  3407 | D:2      | Learned a level 4 spell: Iskenderun's Mystic Blast
  3674 | D:3      | Reached skill level 4 in Conjurations
  3962 | D:3      | Noticed gorandor's ghost (average SpAs)
  3966 | D:3      | Killed gorandor's ghost
  4274 | D:3      | Reached XP level 6. HP: 27/44 MP: 6/10
  4502 | D:3      | Reached skill level 5 in Conjurations
  4697 | D:3      | Killed a phantom
  5424 | D:4      | Found a shimmering altar of Xom.
  5724 | D:3      | Reached XP level 7. HP: 6/50 MP: 0/13
  5993 | D:2      | Learned a level 4 spell: Fulminant Prism
  6132 | D:4      | Reached skill level 5 in Spellcasting
  6275 | D:4      | Noticed an ogre
  6286 | D:4      | Killed an ogre
  7010 | D:5      | Entered Level 5 of the Dungeon
  7224 | D:5      | Reached skill level 6 in Conjurations
  7249 | D:5      | Found an iron altar of Okawaru.
  7429 | D:5      | Reached XP level 8. HP: 26/56 MP: 0/15
  7661 | D:5      | Reached skill level 7 in Conjurations
  8238 | D:5      | Found a deep blue altar of Sif Muna.
  8238 | D:5      | Found a glowing silver altar of Zin.
  8243 | D:5      | Became a worshipper of Sif Muna the Loreminder
  8580 | D:6      | Reached skill level 8 in Conjurations
  8582 | D:6      | Reached skill level 1 in Evocations
  8841 | D:6      | Found a sand-covered staircase.
  9392 | D:6      | Reached XP level 9. HP: 50/61 MP: 2/17
  9478 | D:6      | Acquired Sif Muna's first power
  9578 | D:6      | Learned a level 5 spell: Iskenderun's Battlesphere
  9814 | D:6      | Found a staircase to the Ecumenical Temple.
  9821 | Temple   | Entered the Ecumenical Temple
  9924 | D:6      | Found a blossoming altar of Fedhas.
  9925 | D:6      | Found an ancient bone altar of Kikubaaqudgha.
 10059 | D:6      | Reached skill level 1 in Charms
 10734 | D:7      | Reached skill level 1 in Invocations
 10893 | D:7      | Found Domiaclack's Antique Armour Shop.
 10971 | D:7      | Found a shattered altar of Ashenzari.
 11793 | D:8      | Acquired Sif Muna's second power
 11819 | D:8      | Found Udiemnei's Antique Weapon Boutique.
 11841 | D:8      | Found Uffusana's Book Shop.
 12540 | D:8      | Found Emoluj's Distillery.
 12690 | D:8      | Found Riowunem's Jewellery Emporium.
 12772 | D:8      | Found Xughid's Armour Shoppe.
 12871 | D:8      | Found an opulent altar of Gozag.
 12995 | D:8      | Reached XP level 10. HP: 29/67 MP: 0/20
 13400 | D:8      | Found a staircase to the Lair.
 13760 | D:9      | Found a shadowy altar of Dithmenos.
 14624 | D:9      | Reached skill level 9 in Conjurations
 14834 | D:9      | Learned a level 5 spell: Irradiate
 15108 | D:9      | Found a basalt altar of Yredelemnul.
 15128 | D:10     | Entered Level 10 of the Dungeon
 15157 | D:10     | Reached skill level 1 in Transmutations
 15157 | D:10     | Reached skill level 5 in Invocations
 15254 | D:10     | HP: 3/67 [killer bee zombie (3)]
 15257 | D:10     | Hired Gyaneaco the big kobold for 104 gold.
 15306 | D:10     | HP: 2/67 [centaur/arrow (10)]
 15307 | D:10     | Shot with an arrow by a centaur

Vault maps used:
D:1:      dpeg_arrival_radiant
D:2:      nicolae_overflow_crystal_walls, tgw_trog, grunt_qazlal_clouds,
          minmay_misc_feat_tiny, minmay_shallow_snake_nest
D:3:      amalloy_card_club
D:4:      overflow_temple_1_default, first_bread
D:5:      okawaru_metal_pillars_1_2, gammafunk_temple_overflow_elements
D:6:      grunt_temple_overflow_growth_and_decay,
          minmay_temple_entry_enclosed_plants,
          nicolae_ossuary_entry_false_entrances
D:7:      lemuel_round_altar, serial_shops, kennysheep_mini_moat
D:8:      grunt_gozag_breadcrumbs, erik_lair_dragon, serial_shops, shop_statue,
          shop, kennysheep_mini, shop, shop
D:9:      nicolae_dithmenos_shadow_blocks, lemuel_doored_altar
D:10:     orc_david_3, uniq_sonja, uniq_josephine
Temple:   nicolae_temple_hex_pool

Action                   |  1- 3 |  4- 6 |  7- 9 | 10-12 || total
-------------------------+-------+-------+-------+-------++-------
Melee: Unarmed           |     7 |       |       |       ||     7
       Short sword       |    45 |   148 |   127 |       ||   320
       Club              |     6 |       |       |       ||     6
       Spear             |       |       |    58 |     7 ||    65
Throw: Tomahawk          |       |       |     2 |       ||     2
 Cast: Magic Dart        |    61 |   102 |   160 |   102 ||   425
       Searing Ray       |     4 |     7 |     6 |     2 ||    19
       Dazzling Spray    |     1 |     9 |    19 |     5 ||    34
       Iskenderun's Myst |       |     6 |    79 |    13 ||    98
       Fulminant Prism   |       |       |    10 |     3 ||    13
       Iskenderun's Batt |       |       |     7 |    23 ||    30
Invok: Channel Energy    |       |       |    39 |    47 ||    86
Evoke: Deck              |       |     1 |     3 |     3 ||     7
       Wand              |       |       |     3 |       ||     3
  Use: Scroll            |     5 |     6 |    16 |     3 ||    30
 Stab: Sleeping          |     2 |     3 |     6 |       ||    11
       Invisible         |       |     2 |     2 |       ||     4
